 Dungeon Crawl Stone Soup version 0.30-b1-2-g02819fbbbe (webtiles) character file.

Game seed: 16002312379277353869

49154 Anon1729 the Fencer (level 14, -1/127 HPs)
             Began as a Minotaur Monk on Aug 26, 2023.
             Was a High Priest of Uskayaw.
             Slain by an 11-headed hydra (14 damage)
             ... on level 4 of the Lair of Beasts.
             The game lasted 00:11:25 (13545 turns).

Anon1729 the Fencer (Minotaur Monk)                Turns: 13545, Time: 00:11:26

Health: -1/127     AC: 10    Str: 16    XL:     14   Next: 14%
Magic:  19/20      EV: 18    Int:  7    God:    Uskayaw [*****.]
Gold:   628        SH:  0    Dex: 18    Spells: 13/13 levels left

rFire   . . .        w - +8 demon blade "Leech" {evervamp, Harm Drain rN+}
rCold   + . .        d - orb {light}
rNeg    + . .        I - +0 acid dragon scales
rPois   .            (helmet restricted)
rElec   .            t - +0 cloak
rCorr   +            (no gloves)
SInv    .            (no boots)
Will    ++...        x - amulet of regeneration
Stlth   ++           y - ring of protection from cold
HPRegen 1.21/turn    Q - ring of willpower
MPRegen 0.17/turn

%: harm (+30% outgoing, +20% incoming)
@: glowing
A: horns 2, retaliatory headbutt
a: Renounce Religion, Stomp, Line Pass, Grand Finale


You were on level 4 of the Lair of Beasts.
You worshipped Uskayaw.
Uskayaw was aware of your devotion.
You visited 3 branches of the dungeon, and saw 18 of its levels.
You also visited: Ossuary and Bailey.

You collected 843 gold pieces.
You spent 215 gold pieces at shops.

Inventory:

Hand Weapons
 j - a +1 dagger of speed
 w - the +8 demon blade "Leech" (weapon) {evervamp, Harm Drain rN+}
   (You found it on level 4 of the Dungeon)

   rN:        It protects you from negative energy.
   Drain:     It drains your maximum health when unequipped.
   Harm:      It increases damage dealt and taken.
Armour
 b - a +0 robe
 d - an orb of light (worn)
 t - a +0 cloak (worn)
 I - +0 acid dragon scales (worn)
 T - a scarf of repulsion
Jewellery
 i - a ring of positive energy
 x - an amulet of regeneration (around neck)
 y - a ring of protection from cold (left hand)
 O - a ring of magical power
 Q - a ring of willpower (right hand)
 X - a +6 ring of strength
Wands
 a - a wand of mindburst (35)
 s - a wand of polymorph (5)
 v - a wand of charming (19)
 J - a wand of flame (50)
 P - a wand of light (1)
 U - a wand of digging (3)
Scrolls
 f - 3 scrolls of fear
 g - 10 scrolls of teleportation
 l - 4 scrolls of immolation
 m - 3 scrolls of enchant armour
 p - 3 scrolls of enchant weapon
 u - 4 scrolls of magic mapping
 B - 2 scrolls of blinking
 C - a scroll of brand weapon
 E - 2 scrolls of butterflies
 F - 2 scrolls of fog
 M - 3 scrolls of vulnerability
 N - 2 scrolls of amnesia
 R - a scroll of poison
 W - a scroll of silence
Potions
 c - 4 potions of ambrosia
 e - 3 potions of cancellation
 h - 5 potions of heal wounds
 k - 4 potions of mutation
 n - 5 potions of haste {unknown}
 o - 2 potions of degeneration {unknown}
 q - 7 potions of curing {unknown}
 z - 5 potions of attraction {unknown}
 A - 5 potions of lignification {unknown}
 D - a potion of brilliance {unknown}
 G - a potion of might {unknown}
 H - 3 potions of resistance {unknown}
 L - 2 potions of flight {unknown}
 S - a potion of invisibility {unknown}
 V - a potion of magic {unknown}
Miscellaneous
 K - a phial of floods


   Skills:
 + Level 12.3 Fighting
 - Level 4.6(10.4) Short Blades
 * Level 15.6(15.9) Long Blades
 + Level 11.1 Armour
 + Level 11.4 Dodging
 + Level 8.4 Stealth
 + Level 9.3 Invocations


You had 13 spell levels left.
You didn't know any spells.
Your spell library contained the following spells:

 Spells                   Type           Power      Damage    Failure   Level
 Foxfire                  Conj/Fire      0%         2x1d4     52%         1
 Necrotise                Necr           0%         1d4       52%         1
 Ensorcelled Hibernation  Hex/Ice        0%         N/A       65%         2
 Passwall                 Tmut/Erth      0%         N/A       65%         2
 Scorch                   Fire           0%         2d5       65%         2
 Dazzling Flash           Conj/Hex       0%         N/A       87%         3
 Inner Flame              Hex/Fire       0%         N/A       87%         3
 Spider Form              Tmut/Pois      0%         N/A       87%         3
 Swiftness                Air            0%         N/A       87%         3
 Vampiric Draining        Necr           0%         2d6       87%         3
 Vhi's Electric Charge    Tloc/Air       0%         N/A       87%         3
 Volatile Blastmotes      Fire/Tloc      0%         2d10      87%         3
 Anguish                  Hex/Necr       0%         N/A       99%         4
 Animate Dead             Necr           0%         N/A       99%         4
 Flame Wave               Conj/Fire      0%         2d4       99%         4
 Fulminant Prism          Conj/Hex       0%         3d5       99%         4
 Iskenderun's Mystic Bla  Conj/Tloc      0%         2d3       99%         4
 Sticky Flame             Conj/Fire      0%         2d3       99%         4
 Summon Lightning Spire   Summ/Air       0%         N/A       99%         4
 Agony                    Necr           0%         N/A       100%        5
 Arcjolt                  Conj/Air       0%         1d10      100%        5
 Fireball                 Conj/Fire      0%         3d3       100%        5
 Lee's Rapid Deconstruct  Erth           0%         3d4*      100%        5
 Plasma Beam              Fire/Air       0%         2x1d11    100%        6
 Starburst                Conj/Fire      0%         6d3       100%        6
 Summon Cactus Giant      Summ           0%         N/A       100%        6
 Haunt                    Necr/Summ      0%         N/A       100%        7
 Storm Form               Tmut/Air       0%         N/A       100%        7
 Infestation              Necr           0%         N/A       100%        8
 Maxwell's Capacitive Co  Air            0%         ∞         100%        8


Dungeon Overview and Level Annotations

Branches:
Dungeon (13/15)            Temple (1/1) D:7            Lair (4/5) D:8
 Shoals (0/4) Lair:3        Snake (0/4) Lair:2          Orc (0/2) D:10
Ossuary (visited)          Bailey (visited)
  Slime: Lair:4-5    Vaults: D:13-14

Altars:
Ashenzari
Cheibriados
Dithmenos
Elyvilon
Fedhas
Gozag
Hepliaklqana
Kikubaaqudgha
Makhleb
Nemelex Xobeh
Okawaru
Qazlal
Ru
Sif Muna
Trog
Uskayaw
Vehumet
Wu Jian
Xom
Yredelemnul
The Shining One

Shops:
D:2 [   D:6 ?[   D:8 *   D:10 :   D:12 =

Annotations:
D:4 2 transporters, Farlane's ghost, novice HOMo


Innate Abilities, Weirdness & Mutations

You have a pair of horns on your head.
You reflexively headbutt those who attack you in melee.


Message History

You hit the 11-headed hydra.
You feel better.
You headbutt the 11-headed hydra.
The 11-headed hydra is severely wounded.
The wyvern bites you!
The 11-headed hydra barely misses you. x2
The 11-headed hydra bites you! x2
* * * LOW HITPOINT WARNING * * *
The 11-headed hydra barely misses you.
The 11-headed hydra bites you but does no damage.
The 11-headed hydra bites you.
* * * LOW HITPOINT WARNING * * *
The 11-headed hydra completely misses you.
The 11-headed hydra bites you but does no damage.
The 11-headed hydra bites you.
* * * LOW HITPOINT WARNING * * *
The 11-headed hydra bites you but does no damage.
You are too injured to fight recklessly!
You are too injured to fight recklessly!
You are too injured to fight recklessly!
You are too injured to fight recklessly!
You are too injured to fight recklessly!
You are too injured to fight recklessly!
You are too injured to fight recklessly!
You are too injured to fight recklessly!
You are too injured to fight recklessly!
You are too injured to fight recklessly!
You are too injured to fight recklessly!
You are too injured to fight recklessly!
You are too injured to fight recklessly!
You are too injured to fight recklessly!
You are too injured to fight recklessly!
You are too injured to fight recklessly!
You are too injured to fight recklessly!
You are too injured to fight recklessly!
Aiming: Grand Finale
Press: ? - help, Shift-Dir - straight line, f - 11-headed hydra
Aim: an 11-headed hydra (severely wounded, haloed)
You fail to use your ability.
The wyvern bites you!
* * * LOW HITPOINT WARNING * * *
The wyvern barely misses you. You furiously retaliate!
You headbutt the wyvern. The 11-headed hydra barely misses you.
The 11-headed hydra bites you!
You die...

...# ....# .....#
......### ......#
#....####
#.Dl.#.# #@..##
#.††.## ..
##†.†.###
..#P##...#.#
.......#...##
......P#....##
........##.....#
#.......>##...###
#....#..........#


You could see a 11-headed hydra and a wyvern.

Vanquished Creatures
  Kirke (Lair:4)
  Nessos (D:12)
  Snorg (Lair:4)
  Fannar (Lair:3)
  2 vault guards (Bailey)
  3 hydras (Lair:3)
  3 boulder beetles
  2 two-headed ogres
  Amaemon (D:8)
  A fire crab (Lair:3)
  2 skysharks
  2 skeletal warriors (D:12)
  A manticore (D:12)
  An ugly thing (D:12)
  2 cyclopes
  A merfolk siren (Lair:3)
  3 black mambas
  8 elephants
  3 gargoyles
  Maggie (D:7)
  An orange demon (D:8)
  2 rime drakes
  6 cane toads
  2 kobold demonologists
  4 komodo dragons
  4 merfolk
  8 trolls
  Prince Ribbit (Bailey)
  12 blink frogs
  2 polar bears
  10 slime creatures (D:12)
  A shadow (D:11)
  51 yaks
  2 vampires (D:11)
  Eustachio (D:6)
  6 hogs (Lair:4)
  2 wyverns
  7 humans (Bailey)
  A steam dragon (D:6)
  Grum (D:8)
  2 basilisks (Lair:2)
  Menkaure (D:7)
  6 vampire mosquitoes
  3 nagas (Lair:2)
  11 water moccasins
  2 acid dragons
  An ice beast (D:7)
  A black bear (Lair:1)
  4 orc warriors
  A sky beast (D:7)
  An ogre (D:7)
  7 centaurs
  11 wolves
  2 phantoms
  3 kobold brigands
  16 bullfrogs
  2 elf zombies (Ossuary)
  A gnoll sergeant (D:11)
  2 scorpions
  5 wights (D:6)
  23 killer bees
  4 howler monkeys
  3 electric eels (D:6)
  5 centaur zombies (Ossuary)
  5 human zombies (Ossuary)
  3 hounds
  A jelly (D:6)
  4 orc priests
  Crazy Yiuf (D:3)
  A sleepcap (D:7)
  An iguana (D:5)
  8 orc wizards
  3 mummies (Ossuary)
  5 gnolls (D:11)
  6 adders
  A shadow imp (D:7)
  A white imp (D:6)
  An ufetubus (D:5)
  4 worms
  3 dart slugs
  17 orcs
  8 bats
  8 endoplasms
  8 giant cockroaches
  13 goblins
  5 hobgoblins
  2 jackals (D:2)
  5 quokkas
  6 ball pythons
  5 frilled lizards
  17 kobolds
  5 rats
428 creatures vanquished.

Vanquished Creatures (others)
  Jessica (D:3)
  5 fungi
  20 plants
26 creatures vanquished.

Grand Total: 454 creatures vanquished

Notes
Turn   | Place    | Note
-------+----------+-------------------------------------------
     0 | D:1      | Anon1729 the Minotaur Monk began the quest for the Orb.
     0 | D:1      | Reached XP level 1. HP: 19/19 MP: 0/0
   170 | D:1      | Reached XP level 2. HP: 25/27 MP: 1/1
   360 | D:1      | Reached XP level 3. HP: 33/33 MP: 2/2
   807 | D:2      | Found Fummeabb's Armour Shop.
   978 | D:2      | Reached XP level 4. HP: 41/41 MP: 3/3
  1535 | D:3      | Killed Jessica
  1822 | D:3      | Found a runed translucent door.
  1823 | D:3      | Noticed Crazy Yiuf
  1846 | D:3      | Found a radiant altar of Vehumet.
  1901 | D:3      | Found a white marble altar of Elyvilon.
  2008 | D:3      | Found an opulent altar of Gozag.
  2116 | D:3      | Killed Crazy Yiuf
  2117 | D:3      | Reached XP level 5. HP: 34/47 MP: 4/4
  2192 | D:3      | Reached skill level 5 in Fighting
  2194 | D:4      | Found the +8 demon blade "Leech" {evervamp, Harm Drain rN+}
  2209 | D:4      | Noticed an ogre
  2370 | D:4      | Reached skill level 1 in Long Blades
  2405 | D:4      | Found a transporter.
  2542 | D:4      | Reached skill level 2 in Long Blades
  2706 | D:4      | Found a transporter.
  2706 | D:4      | Identified the +0 buckler "Buplonke" {rElec Str+5 Dex-2}
  2710 | D:4      | Noticed Farlane's ghost (novice HOMo)
  2899 | D:4      | Noticed a phantom
  2911 | D:4      | Killed a phantom
  2912 | D:4      | Reached skill level 5 in Dodging
  2912 | D:4      | Reached XP level 6. HP: 41/56 MP: 5/5
  3048 | D:5      | Entered Level 5 of the Dungeon
  3362 | D:5      | Reached skill level 3 in Long Blades
  3442 | D:5      | Reached skill level 1 in Armour
  3541 | D:5      | Found a sand-covered staircase.
  3787 | Ossuary  | Entered an ossuary
  3801 | Ossuary  | Reached skill level 1 in Invocations
  3805 | Ossuary  | Reached skill level 1 in Stealth
  3805 | Ossuary  | Reached XP level 7. HP: 44/62 MP: 6/6
  3844 | Ossuary  | Reached skill level 4 in Long Blades
  4064 | D:6      | Reached skill level 5 in Long Blades
  4065 | D:6      | Reached XP level 8. HP: 68/71 MP: 8/8
  4270 | D:6      | Reached skill level 6 in Long Blades
  4403 | D:6      | Found Dicotaxt's Magic Scroll Boutique.
  4428 | D:6      | Found Atoug's Armour Shoppe.
  4434 | D:6      | Bought a scroll of blinking for 75 gold pieces
  4434 | D:6      | Bought a scroll of identify for 20 gold pieces
  4434 | D:6      | Bought a scroll of identify for 20 gold pieces
  4434 | D:6      | Bought a scroll of butterflies for 40 gold pieces
  4434 | D:6      | Bought a scroll of identify for 20 gold pieces
  4434 | D:6      | Bought a scroll of fog for 40 gold pieces
  4456 | D:6      | Found a sacrificial altar of Ru.
  4470 | D:6      | Found a sparkling altar of Nemelex Xobeh.
  4472 | D:6      | Noticed Eustachio
  4489 | D:6      | Killed Eustachio
  4770 | D:7      | Noticed Menkaure
  4772 | D:7      | Reached XP level 9. HP: 71/79 MP: 10/10
  4773 | D:7      | Noticed Maggie
  4775 | D:7      | Killed Menkaure
  4776 | D:7      | Reached skill level 7 in Long Blades
  4786 | D:7      | Killed Maggie
  4809 | D:7      | Found a staircase to the Ecumenical Temple.
  4896 | D:7      | Reached skill level 5 in Armour
  4898 | D:7      | Reached skill level 8 in Long Blades
  5265 | D:8      | Reached XP level 10. HP: 88/88 MP: 12/12
  5277 | D:8      | Reached skill level 9 in Long Blades
  5280 | D:8      | Noticed Amaemon
  5288 | D:8      | Killed Amaemon
  5310 | D:8      | Noticed an orange demon
  5318 | D:8      | Killed an orange demon
  5319 | D:8      | Reached skill level 5 in Invocations
  5563 | D:8      | Found Xutrehac's Serpentskin Sales.
  5598 | D:8      | Noticed a boulder beetle
  5608 | D:8      | Killed a boulder beetle
  5712 | D:8      | Found a broken altar of Ashenzari.
  5774 | D:8      | Found a stormy altar of Qazlal.
  5776 | D:8      | Noticed Grum
  5785 | D:8      | Killed Grum
  5786 | D:8      | Reached skill level 10 in Long Blades
  5841 | D:8      | Reached skill level 5 in Stealth
  5863 | D:8      | Found a staircase to the Lair.
  6205 | D:9      | Found an iron altar of Okawaru.
  6296 | D:9      | Found a blossoming altar of Fedhas.
  6707 | Temple   | Entered the Ecumenical Temple
  6737 | Temple   | Became a worshipper of Uskayaw the Reveller
  6737 | Temple   | Reached * piety under Uskayaw
  6840 | Lair:1   | Entered Level 1 of the Lair of Beasts
  6951 | Lair:1   | Reached ** piety under Uskayaw
  6953 | Lair:1   | Reached *** piety under Uskayaw
  6954 | Lair:1   | Reached XP level 11. HP: 97/97 MP: 14/14
  6954 | Lair:1   | Reached **** piety under Uskayaw
  6958 | Lair:1   | Reached ***** piety under Uskayaw
  7209 | Lair:1   | Reached skill level 11 in Long Blades
  7210 | Lair:1   | Reached ****** piety under Uskayaw
  7781 | Lair:2   | Noticed a skyshark
  7788 | Lair:2   | Killed a skyshark
  7809 | Lair:2   | Identified the +1 robe of the Evil One {rPois}
  7824 | Lair:2   | Reached skill level 12 in Long Blades
  7841 | Lair:2   | Reached skill level 10 in Fighting
  7844 | Lair:2   | Found a staircase to the Snake Pit.
  7881 | Lair:2   | Reached XP level 12. HP: 106/106 MP: 16/16
  8707 | Lair:3   | Noticed Fannar
  8723 | Lair:3   | Killed Fannar
  8735 | Lair:3   | Reached skill level 13 in Long Blades
  8819 | Lair:3   | Noticed an eight-headed hydra
  8826 | Lair:3   | Killed an 11-headed hydra
  8897 | Lair:3   | Noticed a seven-headed hydra
  8906 | Lair:3   | Noticed an eight-headed hydra
  8997 | Lair:3   | Found a staircase to the Shoals.
  9007 | Lair:3   | Reached skill level 10 in Dodging
  9474 | D:10     | Entered Level 10 of the Dungeon
  9548 | D:10     | Found an ancient bone altar of Kikubaaqudgha.
  9654 | D:10     | Found a flagged portal.
  9668 | Bailey   | Entered a bailey
  9688 | Bailey   | Reached XP level 13. HP: 116/116 MP: 18/18
  9742 | Bailey   | Noticed Prince Ribbit
  9751 | Bailey   | Killed Prince Ribbit
  9814 | Bailey   | Reached skill level 14 in Long Blades
  9968 | D:10     | Reached skill level 10 in Armour
 10029 | D:10     | Found Joej's Book Emporium.
 10082 | D:10     | Found a staircase to the Orcish Mines.
 10563 | D:11     | Found a hide-covered altar of Uskayaw.
 10565 | D:11     | You fall into a shaft and drop 2 floors!
 10659 | D:12     | Noticed Nessos
 10673 | D:12     | Killed Nessos
 10734 | D:12     | Identified the +1 scale mail "Ufauroes" {Str+3}
 10819 | D:12     | Found Doduveka's Jewellery Boutique.
 11710 | D:11     | Identified the +3 leather armour of Toczungu {rN+}
 11838 | D:11     | Reached skill level 15 in Long Blades
 13269 | Lair:4   | Noticed Snorg
 13278 | Lair:4   | Killed Snorg
 13363 | Lair:4   | Reached XP level 14. HP: 126/126 MP: 19/19
 13522 | Lair:4   | Noticed Kirke
 13538 | Lair:4   | Killed Kirke
 13545 | Lair:4   | Slain by an 11-headed hydra

Illustrated notes

Levels and vault maps discovered:
D:1:      moated_graveyard_arrival, layout_loops_ring,
          kennysheep_decorative_pillar
D:2:      layout_basic, serial_shops, shop, hangedman_decor_slide_cut
D:3:      layout_rooms, elyvilon_altar_4,
          nicolae_gozag_cash_rules_everything_around_me,
          mainiacjoe_overflow_six_doors_small, uniq_crazy_yiuf_cottage,
          uniq_jessica
D:4:      layout_loops_cross, gammafunk_ghost_gnarly_gnolls
D:5:      layout_basic, nicolae_ossuary_entry_false_entrances,
          bh_walls_and_bars, uniq_grinder
D:6:      layout_rooms, minitemple, minmay_misc_feat_ornament,
          chequers_big_river, nicolae_wooded_promenade, uniq_eustachio
D:7:      layout_cave_pools, nicolae_overflow_hidden_temple,
          minmay_temple_entry_purple_smoke, st_stairs_9, uniq_maggie,
          uniq_menkaure
D:8:      layout_loops_ring, nicolae_ashenzari_skybound,
          mainiacjoe_overflow_tiny_flanked, david_lair_shrubbed,
          dreamdust_princess_corridor, guppyfry_shop_venom, uniq_grum,
          uniq_amaemon
D:9:      minmay_klotski, layout_basic, kennysheep_okawaru_gauntlet,
          general_overflow_altar
D:10:     layout_irregular_city, kiku_gazebo_garden_becter, orc_0_dummy,
          serial_shops, shop, enter_bailey_3, hangedman_fish_farm
D:11:     layout_basic, dancing_weapons_uskayaw
D:12:     layout_small_grid, serial_shops, shop, uniq_nessos
D:13:     layout_irregular_city, hangedman_vaults_entry_quadrant_bands
Temple:   hellmonk_temple_of_storms
Lair:1:   layout_chaotic_city, grunt_megastairs_5
Lair:2:   layout_big_grid, minmay_snake_entry_guardpost_small
Lair:3:   layout_gridlike, elwin_shoals_entry_stream, serial_bayou_shore_b,
          infiniplex_staircase_pool_2, uniq_fannar
Lair:4:   layout_hall_layers, beast_lair_carwin_9, uniq_snorg, uniq_kirke

Skill      XL: |  1  2  3  4  5  6  7  8  9 10 11 12 13 14 |
---------------+-------------------------------------------+-----
Fighting       | 4 5 6 7 8 9 10 11 12 | 12.3
Short Blades   | 4 |  4.6
Dodging        | 4 5 6 7 8 9 10 11 | 11.4
Long Blades    | 2 3 5 6 8 10 12 13 15 | 15.6
Armour         | 1 2 4 5 7 8 9 10 11 | 11.1
Invocations    | 1 2 3 4 5 6 8 9 |  9.3
Stealth        | 1 2 3 4 5 6 7 8 |  8.4

Action                     |  1- 3 |  4- 6 |  7- 9 | 10-12 | 13-15 || total
---------------------------+-------+-------+-------+-------+-------++-------
  Melee: Short sword       |    59 |       |       |       |       ||    59
         Headbutt          |    27 |    31 |    34 |    99 |    88 ||   279
         Dagger            |    32 |   142 |       |       |       ||   174
         Unarmed           |       |     1 |       |       |       ||     1
         Demon blade       |       |    24 |   141 |   363 |   300 ||   828
 Invoke: Line Pass         |       |       |       |     1 |       ||     1
  Evoke: Wand              |       |       |       |     6 |     1 ||     7
    Use: Scroll            |       |     1 |     8 |     4 |     4 ||    17
         Potion            |       |       |       |       |     2 ||     2
   Stab: Sleeping          |       |       |       |     1 |       ||     1
         Paralysed         |       |       |       |    37 |    25 ||    62
 Armour: Robe              |     8 |    18 |    19 |       |       ||    45
         Acid dragon scale |       |       |    11 |    68 |    63 ||   142
  Dodge: Dodged            |    37 |    77 |   121 |   238 |   203 ||   676
